FSL
BREVARD COUNTY MANATEES @ CLEARWATER THRESHERS
07/07/2098
 
TOP OF THE 1ST
Brevard County Manatees batting - Pitching for Clearwater Threshers : RHP Jayden Stephens
Pitching: RHP Jayden Stephens
Batting: LHB Travis Konikowski 0-0: Ball
1-0: Foul Ball, location: 5DF
1-1: Swinging Strike
1-2: Foul Ball, location: 7LMF
1-2: Strikes out swinging
Batting: SHB Mike Dominguez 0-0: Ball
1-0: Called Strike
1-1: Fly out, F6 (Popup, 6, EV 58.1 MPH)
Batting: RHB Carlos Orozco 0-0: Called Strike
0-1: Foul Ball, location: 25FF
0-2: Ball
1-2: Foul Ball, location: 5F
1-2: Strikes out swinging
Top of the 1st over - 0 runs, 0 hits, 0 errors, 0 left on base; Brevard County 0 - Clearwater 0
BOTTOM OF THE 1ST
Clearwater Threshers batting - Pitching for Brevard County Manatees : RHP Scott Galvin
Pitching: RHP Scott Galvin
Batting: RHB John Pierce 0-0: Ball
1-0: Foul Ball, location: 5FF
1-1: Ball
2-1: Foul Ball, location: 2F
2-2: Ball
3-2: Fly out, F8 (Flyball, 8RXD, EV 76.9 MPH)
Batting: RHB Ahmet Mripa 0-0: Swinging Strike
0-1: Ball
1-1: Foul Ball, location: 3SF
1-2: Ball
2-2: Ground out 4-3 (Groundball, 4S, EV 90.0 MPH)
Batting: RHB George Cantrelle 0-0: Ball
1-0: SINGLE (Groundball, 4, EV 86.3 MPH)
Batting: LHB Arturo Diaz 0-0: Called Strike
0-1: Ball
1-1: Called Strike
1-2: Ball
2-2: Ball
3-2: Strikes out swinging
Bottom of the 1st over - 0 runs, 1 hit, 0 errors, 1 left on base; Brevard County 0 - Clearwater 0
TOP OF THE 2ND
Brevard County Manatees batting - Pitching for Clearwater Threshers : RHP Jayden Stephens
Batting: SHB Hector Fuentes 0-0: Fly out, F8 (Flyball, 78D, EV 103.1 MPH)
Batting: RHB T.J. Ramer 0-0: Called Strike
0-1: Ball
1-1: TRIPLE (Line Drive, 8LXD, EV 106.9 MPH)
Batting: RHB Enrique Acosta 0-0: Ball
1-0: Fly out, F3 (Popup, 3SF, EV 78.8 MPH)
Batting: RHB Brian Monte 0-0: Ball
1-0: Swinging Strike
1-1: Swinging Strike
1-2: Ball
2-2: Foul Ball, location: 5F
2-2: Ball
3-2: Base on Balls
Batting: RHB Greg Miles 0-0: Ball
1-0: Fielders Choice at 2nd, 6-4 (Groundball, 6, EV 83.1 MPH)
Top of the 2nd over - 0 runs, 1 hit, 0 errors, 2 left on base; Brevard County 0 - Clearwater 0
BOTTOM OF THE 2ND
Clearwater Threshers batting - Pitching for Brevard County Manatees : RHP Scott Galvin
Batting: LHB Keith Ballinger 0-0: Ball
1-0: SINGLE (Line Drive, 34D, EV 98.1 MPH)
Batting: RHB Pete Arden 0-0: Ball
1-0: Called Strike
1-1: Bunted foul
1-2: Ball
2-2: Strikes out swinging
Batting: RHB Juan Diaz 0-0: Called Strike
0-1: SINGLE (Line Drive, 89S, EV 88.1 MPH)
Keith Ballinger to second
Batting: RHB David Motsinger 0-0: Ball
1-0: Foul Ball, location: 2F
1-1: Ball
2-1: Foul Ball, location: 2F
2-2: Ball
Passed Ball!
Keith Ballinger to third
Juan Diaz to second
3-2: Strikes out swinging
Batting: RHB Melvin Hanks 0-0: Ball
1-0: Ball
2-0: Foul Ball, location: 23FF
2-1: Swinging Strike
2-2: Foul Ball, location: 2F
2-2: Strikes out looking
Bottom of the 2nd over - 0 runs, 2 hits, 0 errors, 2 left on base; Brevard County 0 - Clearwater 0
TOP OF THE 3RD
Brevard County Manatees batting - Pitching for Clearwater Threshers : RHP Jayden Stephens
Batting: LHB William Strode 0-0: SINGLE (Groundball, 4MD, EV 98.8 MPH)
Batting: LHB Travis Konikowski 0-0: Called Strike
0-1: Foul Ball, location: 2F
0-2: Fielders Choice at 2nd, 4-6 (Groundball, 34, EV 88.8 MPH)
Batting: SHB Mike Dominguez 0-0: Ball
Travis Konikowski steals 2nd base (no throw)
1-0: Called Strike
1-1: Ball
2-1: 2-RUN HOME RUN (Flyball, 9D, EV 98.8 MPH), Distance : 367 ft
Batting: RHB Carlos Orozco 0-0: Ball
1-0: Ball
2-0: Foul Ball, location: 7LMFF
2-1: Swinging Strike
2-2: Strikes out swinging
Batting: SHB Hector Fuentes 0-0: Ball
1-0: Ball
2-0: Ball
3-0: Called Strike
3-1: Swinging Strike
3-2: Base on Balls
Batting: RHB T.J. Ramer 0-0: Called Strike
0-1: Foul Ball, location: 2F
0-2: Strikes out swinging
Top of the 3rd over - 2 runs, 2 hits, 0 errors, 1 left on base; Brevard County 2 - Clearwater 0
BOTTOM OF THE 3RD
Clearwater Threshers batting - Pitching for Brevard County Manatees : RHP Scott Galvin
Batting: RHB John Pierce 0-0: Called Strike
0-1: DOUBLE (Flyball, 8RXD, EV 96.3 MPH)
Batting: RHB Ahmet Mripa 0-0: Ball
1-0: Ball
2-0: Fly out, F7 (Flyball, 78S, EV 83.1 MPH)
Batting: RHB George Cantrelle 0-0: Called Strike
0-1: Called Strike
0-2: Ball
1-2: Ball
2-2: Foul Ball, location: 2F
2-2: Strikes out swinging
Batting: LHB Arturo Diaz 0-0: Called Strike
0-1: Swinging Strike
0-2: Ball
1-2: SINGLE (Line Drive, 4M, EV 102.5 MPH)
John Pierce to third
Runner from 3rd tries for Home, SAFE, throw by CF to home
Batting: LHB Keith Ballinger 0-0: Ground out 4-3 (Groundball, 34, EV 86.3 MPH)
Bottom of the 3rd over - 1 run, 2 hits, 0 errors, 1 left on base; Brevard County 2 - Clearwater 1
TOP OF THE 4TH
Brevard County Manatees batting - Pitching for Clearwater Threshers : RHP Jayden Stephens
Batting: RHB Enrique Acosta 0-0: Ball
1-0: Swinging Strike
1-1: Fly out, F7 (Flyball, 7LS, EV 89.4 MPH)
Batting: RHB Brian Monte 0-0: Ball
1-0: Ball
2-0: Fly out, F3 (Popup, 3SF, EV 63.8 MPH)
Batting: RHB Greg Miles 0-0: Ball
1-0: Ground out 4-3 (Groundball, 4, EV 84.4 MPH)
Top of the 4th over - 0 runs, 0 hits, 0 errors, 0 left on base; Brevard County 2 - Clearwater 1
BOTTOM OF THE 4TH
Clearwater Threshers batting - Pitching for Brevard County Manatees : RHP Scott Galvin
Batting: RHB Pete Arden 0-0: Swinging Strike
0-1: Ball
1-1: Ball
2-1: Swinging Strike
2-2: Ball
3-2: Foul Ball, location: 5F
3-2: Foul Ball, location: 2F
3-2: Strikes out swinging
Batting: RHB Juan Diaz 0-0: Ball
1-0: Swinging Strike
1-1: Foul Ball, location: 2F
1-2: Ball
2-2: Ball
3-2: Ground out U3 (Groundball, 34, EV 85.6 MPH)
Batting: RHB David Motsinger 0-0: Ball
1-0: Fly out, F8 (Flyball, 8LS, EV 93.8 MPH)
Bottom of the 4th over - 0 runs, 0 hits, 0 errors, 0 left on base; Brevard County 2 - Clearwater 1
TOP OF THE 5TH
Brevard County Manatees batting - Pitching for Clearwater Threshers : RHP Jayden Stephens
Batting: LHB William Strode 0-0: Ball
1-0: Foul Ball, location: 25F
1-1: Ball
2-1: Called Strike
2-2: Strikes out swinging
Batting: LHB Travis Konikowski 0-0: Ball
1-0: Ball
2-0: Foul Ball, location: 7LMF
2-1: Called Strike
2-2: Ground out 6-3 (Groundball, 6MD, EV 96.3 MPH)
Batting: SHB Mike Dominguez 0-0: Ball
1-0: Called Strike
1-1: Foul Ball, location: 9LSFF
1-2: Ball
2-2: Ball
3-2: Ground out 4-3 (Groundball, 34, EV 83.1 MPH)
Top of the 5th over - 0 runs, 0 hits, 0 errors, 0 left on base; Brevard County 2 - Clearwater 1
BOTTOM OF THE 5TH
Clearwater Threshers batting - Pitching for Brevard County Manatees : RHP Scott Galvin
Batting: RHB Melvin Hanks 0-0: Ball
1-0: Called Strike
1-1: Ball
2-1: Swinging Strike
2-2: Ground out 4-3 (Groundball, 4, EV 83.8 MPH)
Batting: RHB John Pierce 0-0: Ball
1-0: Foul Ball, location: 3F
1-1: Ball
2-1: SINGLE (Groundball, 56D, EV 106.3 MPH)
Batting: RHB Ahmet Mripa 0-0: SINGLE (Groundball, 56, EV 102.5 MPH)
John Pierce to second
Batting: RHB George Cantrelle 0-0: Ball
1-0: Ball
2-0: Called Strike
2-1: Grounds into double play, 6-4-3 (Groundball, 6, EV 105.6 MPH)
Bottom of the 5th over - 0 runs, 2 hits, 0 errors, 1 left on base; Brevard County 2 - Clearwater 1
TOP OF THE 6TH
Brevard County Manatees batting - Pitching for Clearwater Threshers : RHP Jayden Stephens
Batting: RHB Carlos Orozco 0-0: Ball
1-0: Foul Ball, location: 9LMF
1-1: Foul Ball, location: 2F
1-2: Foul Ball, location: 3SF
1-2: Foul Ball, location: 2F
1-2: Ball
2-2: Ball
3-2: Fly out, F9 (Flyball, 9S, EV 97.5 MPH)
Batting: SHB Hector Fuentes 0-0: Called Strike
0-1: Called Strike
0-2: Ball
1-2: Ball
2-2: Ball
3-2: Foul Ball, location: 2F
3-2: Base on Balls
Batting: RHB T.J. Ramer 0-0: Fly out, F9 (Line Drive, 9, EV 97.5 MPH)
Batting: RHB Enrique Acosta 0-0: Called Strike
Pickoff Throw to First - Out! 1-3
Top of the 6th over - 0 runs, 0 hits, 0 errors, 0 left on base; Brevard County 2 - Clearwater 1
BOTTOM OF THE 6TH
Clearwater Threshers batting - Pitching for Brevard County Manatees : RHP Scott Galvin
Batting: LHB Arturo Diaz 0-0: Ball
1-0: Swinging Strike
1-1: Ball
2-1: Ball
3-1: Ground out 5-3 (Groundball, 5, EV 95.6 MPH)
Batting: LHB Keith Ballinger 0-0: Ball
1-0: Ball
2-0: SOLO HOME RUN (Flyball, 89XD, EV 98.8 MPH), Distance : 397 ft
Pitching: RHP Tony Rios
Batting: RHB Pete Arden 0-0: Foul Ball, location: 2F
0-1: Called Strike
0-2: Ball
1-2: Ball
2-2: Fly out, F9 (Flyball, 89S, EV 90.0 MPH)
Batting: RHB Juan Diaz 0-0: Ground out 6-3 (Groundball, 6, EV 78.1 MPH)
Bottom of the 6th over - 1 run, 1 hit, 0 errors, 0 left on base; Brevard County 2 - Clearwater 2
TOP OF THE 7TH
Brevard County Manatees batting - Pitching for Clearwater Threshers : RHP Jayden Stephens
Batting: RHB Enrique Acosta 0-0: Ball
1-0: Fly out, F8 (Line Drive, 78D, EV 98.1 MPH)
Batting: RHB Brian Monte 0-0: Foul Ball, location: 2F
0-1: Ball
1-1: Ground out 5-3 (Groundball, 5, EV 76.9 MPH)
Batting: RHB Greg Miles 0-0: Foul Ball, location: 7LSF
0-1: Ball
1-1: Swinging Strike
1-2: Foul Ball, location: 7LSF
1-2: Foul Ball, location: 5FF
1-2: Ground out 3-1 (Groundball, 34S, EV 86.3 MPH)
Top of the 7th over - 0 runs, 0 hits, 0 errors, 0 left on base; Brevard County 2 - Clearwater 2
BOTTOM OF THE 7TH
Clearwater Threshers batting - Pitching for Brevard County Manatees : RHP Tony Rios
Batting: RHB David Motsinger 0-0: Called Strike
0-1: Ball
1-1: Swinging Strike
1-2: Strikes out looking
Batting: RHB Melvin Hanks 0-0: Foul Ball, location: 2F
0-1: Swinging Strike
0-2: Strikes out looking
Batting: RHB John Pierce 0-0: Called Strike
0-1: Foul Ball, location: 9LDF
0-2: Ball
1-2: Foul Ball, location: 2RF
1-2: Ball
2-2: SINGLE (Groundball, 6MD, EV 103.8 MPH)
Batting: RHB Ahmet Mripa 0-0: Called Strike
0-1: Foul Ball, location: 5F
0-2: Ball
1-2: Ball
2-2: Strikes out swinging
Bottom of the 7th over - 0 runs, 1 hit, 0 errors, 1 left on base; Brevard County 2 - Clearwater 2
TOP OF THE 8TH
Brevard County Manatees batting - Pitching for Clearwater Threshers : RHP Jayden Stephens
Pitching: RHP Daniel Flores
Batting: LHB William Strode 0-0: Swinging Strike
0-1: Ball
1-1: Foul Ball, location: 25FF
1-2: Foul Ball, location: 3SF
1-2: Strikes out swinging
Batting: LHB Travis Konikowski 0-0: Fly out, F9 (Line Drive, 9, EV 85.6 MPH)
Batting: SHB Mike Dominguez 0-0: Ground out 6-3 (Groundball, 6S, EV 83.1 MPH)
Top of the 8th over - 0 runs, 0 hits, 0 errors, 0 left on base; Brevard County 2 - Clearwater 2
BOTTOM OF THE 8TH
Clearwater Threshers batting - Pitching for Brevard County Manatees : RHP Tony Rios
Batting: RHB George Cantrelle 0-0: Swinging Strike
0-1: Ball
1-1: Ball
2-1: SINGLE (Line Drive, 34, EV 108.1 MPH)
Batting: LHB Arturo Diaz 0-0: Called Strike
0-1: Fly out, F9 (Flyball, 9LMF, EV 80.6 MPH)
Batting: LHB Keith Ballinger 0-0: Ball
1-0: Ball
2-0: Ball
3-0: Called Strike
3-1: Fly out, F6 (Popup, 6MS, EV 65.6 MPH)
Pinch Hitting: LHB Ruben Montanez 0-0: Ball
1-0: Ball
2-0: Called Strike
2-1: Ball
3-1: Foul Ball, location: 5FF
3-2: Foul Ball, location: 25F
3-2: Fly out, F7 (Flyball, 78M, EV 82.5 MPH)
Bottom of the 8th over - 0 runs, 1 hit, 0 errors, 1 left on base; Brevard County 2 - Clearwater 2
TOP OF THE 9TH
Brevard County Manatees batting - Pitching for Clearwater Threshers : RHP Daniel Flores
Now in LF: Arturo Diaz
Now in RF: Bobby Avila
Batting: LHB Alex Montes de Oca 0-0: SOLO HOME RUN (Flyball, 89XD, EV 111.9 MPH), Distance : 420 ft
Batting: SHB Hector Fuentes 0-0: Ball
1-0: Swinging Strike
1-1: Ball
2-1: Foul Ball, location: 7LSF
2-2: Foul Ball, location: 2F
2-2: Ball
3-2: Hit by Pitch
Batting: RHB T.J. Ramer 0-0: Ball
1-0: Reached on error, E5 (Groundball, 56, EV 78.1 MPH)
Hector Fuentes to second
Batting: RHB Enrique Acosta 0-0: Ball
1-0: Called Strike
1-1: Ball
2-1: Ground out 6-3 (Groundball, 6MD, EV 98.1 MPH)
Hector Fuentes to third
T.J. Ramer to second
Batting: RHB Brian Monte 0-0: Called Strike
0-1: Ball
1-1: Ball
2-1: Foul Ball, location: 25F
2-2: Fly out, F9 (Line Drive, 89D, EV 99.4 MPH)
Runner from 3rd tags up, SCORES, throw by RF
T.J. Ramer to third
Batting: RHB Greg Miles 0-0: Ball
1-0: Ground out 6-3 (Groundball, 6, EV 76.9 MPH)
Top of the 9th over - 2 runs, 1 hit, 1 error, 1 left on base; Brevard County 4 - Clearwater 2
BOTTOM OF THE 9TH
Clearwater Threshers batting - Pitching for Brevard County Manatees : RHP Tony Rios
Now in RF: Barrett Andrade
Pinch Hitting: LHB Isaiah Flagg 0-0: Ball
1-0: Ball
2-0: Ball
3-0: Called Strike
3-1: Base on Balls
Pitching: RHP Leon Madrid
Pinch Hitting: RHB Dan Williams 0-0: Ball
1-0: Called Strike
1-1: Grounds into double play, 3-6-1 (Groundball, 3, EV 107.5 MPH)
Pinch Hitting: RHB John Alsup 0-0: Ball
1-0: Called Strike
1-1: Called Strike
1-2: Foul Ball, location: 3SF
1-2: Ball
2-2: Fly out, F7 (Flyball, 78M, EV 93.1 MPH)
Bottom of the 9th over - 0 runs, 0 hits, 0 errors, 0 left on base; Brevard County 4 - Clearwater 2
Tuesday, April 9th , 2024 - OOTP Baseball 24.11 Build 85